 Dungeon Crawl Stone Soup version 0.29.1-2-gbd0b4ee654 (webtiles) character file.

Game seed: 7645911190454675205

15 GigaChad the Covered (level 2, 0/27 HPs)
             Began as a Minotaur Fighter on Nov 21, 2022.
             Slain by a white imp (1 damage)
             ... summoned by Natasha
             ... on level 2 of the Dungeon.
             The game lasted 00:01:40 (822 turns).

GigaChad the Covered (Minotaur Fighter)              Turns: 822, Time: 00:01:41

Health: 0/27       AC:  7    Str: 20    XL:     2   Next: 34%
Magic:  1/1        EV:  9    Int:  5    God:
Gold:   0          SH:  4    Dex:  9    Spells: 1/1 levels left

rFire   . . .      SeeInvis .   a - +0 war axe
rCold   . . .      Faith    .   c - +0 buckler
rNeg    . . .      Spirit   .   b - +0 scale mail
rPois   .          Reflect  .   (helmet restricted)
rElec   .          Harm     .   (no cloak)
rCorr   .          Rampage  .   (no gloves)
Will    .....                   (no boots)
Stlth   ..........              (no amulet)
HPRegen 0.09/turn               (no ring)
MPRegen 0.07/turn               (no ring)

@: slowed, very slow
A: horns 2, retaliatory headbutt
a: no special abilities


You were on level 2 of the Dungeon.
You visited 1 branch of the dungeon, and saw 2 of its levels.

Inventory:

Hand Weapons
 a - a +0 war axe (weapon)
Armour
 b - a +0 scale mail (worn)
 c - a +0 buckler (worn)
Jewellery
 k - a ring of magical power
Scrolls
 e - a scroll of identify {unknown}
 f - 4 scrolls of teleportation {unknown}
 i - 3 scrolls of blinking
Potions
 d - a potion of might
 g - a potion of heal wounds {unknown}
 h - a potion of flight {unknown}
 j - a potion of mutation {unknown}
 l - a potion of brilliance {unknown}


   Skills:
 + Level 3.8 Fighting
 * Level 2.9 Axes
 + Level 3.9 Armour
 + Level 0.3 Dodging
 + Level 3.8 Shields


You had one spell level left.
You didn't know any spells.
Your spell library was empty.

Dungeon Overview and Level Annotations

Branches:
Dungeon (2/15)

Altars:

Shops:
D:1 (

Annotations:
D:2 Natasha


Innate Abilities, Weirdness & Mutations

You have a pair of horns on your head.
You reflexively headbutt those who attack you in melee.


Message History

Found a stone staircase leading down.
Natasha casts a spell.
Natasha claws you but does no damage. The white imp gestures at you.
The puff of frost hits you! Natasha casts a spell at you.
You feel as though you will be slow longer.
Found 2 poisoned darts.
Natasha mumbles some strange words.
The white imp hits you. The white imp freezes you.
* * * LOW HITPOINT WARNING * * *
Natasha claws you but does no damage.
You slash the white imp!
The white imp is heavily wounded.
You barely miss Natasha. The white imp barely misses you.
Natasha stares at you and mumbles some strange words.
You feel as though you will be slow longer.
The crimson imp shouts, "Out, out, thou rough-hewn roguish cloven-toed!"
Natasha growls.
Natasha claws you.
* * * LOW HITPOINT WARNING * * *
You hit Natasha.
Natasha is heavily wounded.
You barely miss the crimson imp. Natasha claws you.
* * * LOW HITPOINT WARNING * * *
The crimson imp hits you but does no damage.
The white imp gestures at you. The puff of frost hits you.
* * * LOW HITPOINT WARNING * * *
Natasha claws you but does no damage.
The crimson imp blinks!
You closely miss Natasha. Your headbutt misses Natasha.
Natasha is heavily wounded.
You hit the white imp but do no damage.
The white imp grins evilly.
The white imp hits you but does no damage.
Natasha barely misses you. You block the white imp's attack.
Natasha casts a spell at you.
The magic dart hits you but does no damage.
The white imp hits you.
You die...

##..#..#.#§##.#
.......#.#§§§§#
#+........#§####
....#.#...#§.
..#.#.#..####
(.#_#...# .
#.#.#.##
....#.#h.#
.......@.#
......5.##
##....$..
#.5##...# #..
..... .>.
#.##.## # #. .#
## ##


You could see Natasha, a crimson imp (summoned) and a white imp (summoned).

Vanquished Creatures
  An endoplasm (D:1)
  A giant cockroach (D:1)
  3 goblins (D:1)
  A hobgoblin (D:1)
  3 kobolds (D:1)
  2 ball pythons (D:1)
  2 bats (D:1)
  2 rats (D:1)
15 creatures vanquished.

Notes
Turn   | Place    | Note
-------+----------+-------------------------------------------
     0 | D:1      | GigaChad the Minotaur Fighter began the quest for the Orb.
     0 | D:1      | Reached XP level 1. HP: 19/19 MP: 0/0
   283 | D:1      | Reached XP level 2. HP: 26/27 MP: 1/1
   751 | D:1      | Found Ingom's Weapon Boutique.
   806 | D:2      | Found a faded altar of an unknown god.
   812 | D:2      | Noticed Natasha
   820 | D:2      | Noticed a crimson imp
   821 | D:2      | HP: 1/27 [white imp/puff of frost[Natasha] (3)]
   822 | D:2      | Slain by a white imp

Illustrated notes

Levels and vault maps discovered:
D:1:      dpeg_arrival_shelter, layout_loops_ring, serial_shops,
          nicolae_lakefront_shop, serial_park_tiny_pond
D:2:      layout_basic, chequers_ecumenical_altar_simple_redux,
          kennysheep_generic_room_10, uniq_terence, uniq_natasha

Action                   || total
-------------------------++-------
Melee: War axe           ||    31
       Headbutt          ||     6
  Use: Scroll            ||     2
Armor: Scale mail        ||    23
Dodge: Dodged            ||    15
Block: Buckler           ||    12
